 Dungeon Sprint DCSS version 0.18-a0-1027-g814d7dd (webtiles) character file.

278 M4edhros the Covert (level 10, -12/71 HPs)
             Began as an Octopode Artificer on Jan 9, 2016.
             Was a High Priest of Pakellas.
             Mangled by the 27-headed Lernaean hydra (14 damage)
             ... in the Dungeon (Sprint VI: "Thunderdome").
             The game lasted 00:10:27 (660 turns).

M4edhros the Covert (Octopode Artificer)             Turns: 660, Time: 00:10:28

Health: -12/71     AC:  1    Str: 19    XL:     10   Next: 16%
Magic:  2/38       EV: 30    Int: 36    God:    Pakellas [*****.]
Gold:   15         SH:  0    Dex: 29    Spells: 0 memorised, 22 levels left

rFire  + + +     SeeInvis +     t - +5 rod of shadows (7/12)
rCold  . . .     Gourm    .     (no shield)
rNeg   + + .     Faith    .     (helmet restricted)
rPois  +         Spirit   .     (no amulet)
rElec  .         Dismiss  .     s - ring of Spite {rF++ EV+2 Int-2 Dex+4 SInv}
rCorr  +         Reflect  .     r - ring "Wocuag" {rCorr Int+7}
SustAt .         Harm     .     p - ring of Eternal Harmony {rF+ Int+6 Slay+3}
MR     +....     NoTele   +     q - ring "Heargheo" {*Drain rPois rN+ MR+ Dex+2}
Stlth  +++++++++.               u - ring "Kahaof" {-Tele rN+ MP+9 Int+9 Dex+4}
                                v - ring of Ucogh {rPois Str+3 Dex+4}
                                w - ring of Igenenlynt {*Corrode rPois MP+9 Str+4 Slay+5}
                                x - ring "Zypsowk" {+Fly Int+2 Slay+2}

@: somewhat resistant to hostile enchantments, incredibly stealthy
A: almost no armour, amphibious, 8 rings, constrict 8, camouflage 1, gelatinous
body 1
a: Quick Charge, Device Surge, Renounce Religion, Evoke Flight


You were in the Dungeon.
You worshipped Pakellas.
Pakellas was extremely pleased with you.
You were not hungry.

You visited 1 branch You collected 600 gold pieces.
You spent 585 gold pieces at shops.

Inventory:

Hand Weapons
 a - a +0 short sword
Rods
 t - a +5 rod of shadows (7/12) (weapon)
   (Pakellas gifted it to you in the Dungeon)
Jewellery
 p - the ring of Eternal Harmony (on tentacle) {rF+ Int+6 Slay+3}
   (You bought it in a shop in the Dungeon)

   [ring of slaying]

   It affects your intelligence (+6).
   It affects your accuracy and damage with ranged weapons and melee attacks
   (+3).
   It protects you from fire.
 q - the ring "Heargheo" (on tentacle) {*Drain rPois rN+ MR+ Dex+2}
   (You bought it in a shop in the Dungeon)

   [ring of protection from magic]

   It affects your dexterity (+2).
   It protects you from poison.
   It protects you from negative energy.
   It affects your resistance to hostile enchantments.
   It causes draining when unequipped.
 r - the ring "Wocuag" (right tentacle) {rCorr Int+7}
   (You bought it in a shop in the Dungeon)

   [ring of resist corrosion]

   It affects your intelligence (+7).
 s - the ring of Spite (left tentacle) {rF++ EV+2 Int-2 Dex+4 SInv}
   (You bought it in a shop in the Dungeon)

   [ring of evasion]

   It affects your evasion (+2).
   It affects your intelligence (-2).
   It affects your dexterity (+4).
   It greatly protects you from fire.
   It lets you see invisible.
 u - the ring "Kahaof" (on tentacle) {-Tele rN+ MP+9 Int+9 Dex+4}
   (You bought it in a shop in the Dungeon)

   [ring of dexterity]

   It affects your intelligence (+9).
   It affects your dexterity (+4).
   It protects you from negative energy.
   It affects your magic capacity (+9).
   It prevents most forms of teleportation.
 v - the ring of Ucogh (on tentacle) {rPois Str+3 Dex+4}
   (You bought it in a shop in the Dungeon)

   [ring of poison resistance]

   It affects your strength (+3).
   It affects your dexterity (+4).
   It protects you from poison.
 w - the ring of Igenenlynt (on tentacle) {*Corrode rPois MP+9 Str+4 Slay+5}
   (You bought it in a shop in the Dungeon)

   [ring of slaying]

   It affects your strength (+4).
   It affects your accuracy and damage with ranged weapons and melee attacks
   (+5).
   It protects you from poison.
   It affects your magic capacity (+9).
   It may corrode your equipment when you take damage.
 x - the ring "Zypsowk" (on tentacle) {+Fly Int+2 Slay+2}
   (You bought it in a shop in the Dungeon)

   [ring of flight]

   It affects your intelligence (+2).
   It affects your accuracy and damage with ranged weapons and melee attacks
   (+2).
   It lets you fly.
 y - the amulet "Jivuxeh" {*Corrode +Rage MR- Int+8}
   (You bought it in a shop in the Dungeon)

   [amulet of rage]

   It affects your intelligence (+8).
   It affects your resistance to hostile enchantments.
   It lets you go berserk.
   It may corrode your equipment when you take damage.
Wands
 b - a wand of polymorph (10/24)
 c - a wand of enslavement (15/24)
 d - a wand of random effects (5/48)
 l - a wand of cold (0/15)
 m - a wand of fire (3/15)
Scrolls
 k - 4 scrolls of blinking
 n - 3 scrolls of fog
Potions
 e - a potion of curing
 g - 4 potions of heal wounds
 h - 4 potions of haste
 i - 2 potions of magic
 j - a potion of berserk rage
 o - a potion of resistance
Comestibles
 f - a bread ration


   Skills:
 + Level 7.6 Fighting
 - Level 1.0 Short Blades
 * Level 13.0 Dodging
 + Level 14.6 Stealth
 + Level 6.8 Spellcasting
 * Level 13.1 Evocations


You had 22 spell levels left.
You didn't know any spells.

Dungeon Overview and Level Annotations

Branches:
Dungeon (1/1)

Altars:
Cheibriados
Dithmenos
Fedhas
Gozag
Kikubaaqudgha
Makhleb
Okawaru
Pakellas
Qazlal
Ru
Sif Muna
Trog
Vehumet
Xom
Yredelemnul
Zin
The Shining One
Jiyva
Lugonu

Shops:
D *[%??*?*:[((!!!!

Annotations:
D Lernaean hydra


Innate Abilities, Weirdness & Mutations

You cannot wear most types of armour.
You are amphibious.
You can wear up to eight rings at the same time.
You can use your tentacles to constrict eight enemies at once.
Your skin changes colour to match your surroundings (Stealth).
Your rubbery body absorbs attacks (AC +1).


Message History

Wisps of shadow whirl around you...
The 27-headed Lernaean hydra completely misses you.
The 27-headed Lernaean hydra closely misses you.
The 27-headed Lernaean hydra barely misses you.
The 27-headed Lernaean hydra bites you!
The 27-headed Lernaean hydra completely misses you.
The 27-headed Lernaean hydra bites you!
* * * LOW HITPOINT WARNING * * *
The 27-headed Lernaean hydra misses you. x2
The 27-headed Lernaean hydra bites you.
* * * LOW HITPOINT WARNING * * *
The 27-headed Lernaean hydra bites you but does no damage.
The 27-headed Lernaean hydra bites you!
* * * LOW HITPOINT WARNING * * *
The 27-headed Lernaean hydra bites you.
* * * LOW HITPOINT WARNING * * *
The 27-headed Lernaean hydra bites you.
* * * LOW HITPOINT WARNING * * *
The 27-headed Lernaean hydra bites you!
You die...

#_........# #_......._#
#_........#
###)........###
#⌠...........⌠#
######)8.........8.##
##∩.._.....)###..)..._
###∩...D....8.# #)8.....
##.÷....@......###.......
#⌠÷.........###...###....
#⌠....h.....# #.<.# #....
#⌠..........###...###....
##.............###.......
###∩........8.# #.8.....
##∩___.[/...###......_
######.8[........8.##
#⌠...........⌠#


You could see the 27-headed Lernaean hydra and a friendly raiju.

Vanquished Creatures
  A hydra (D)
  6 deep elf magi (D)
  A yak (D)
  A black bear (D)
  A necrophage (D)
  A phantom (D)
  2 wights (D)
  2 quasits (D)
  An iron imp (D)
  A sheep (D)
  2 river rats (D)
  2 shadow imps (D)
  An ufetubus (D)
  A bat skeleton (D)
23 creatures vanquished.

Notes
Turn   | Place    | Note
--------------------------------------------------------------
     0 | D        | M4edhros the Octopode Artificer began the quest for the Orb.
     0 | D        | Reached XP level 1. HP: 13/13 MP: 3/3
     1 | D        | Found an oddly glowing altar of Pakellas.
     1 | D        | Found an iron altar of Okawaru.
     2 | D        | Found a glowing silver altar of Zin.
     2 | D        | Found a corrupted altar of Lugonu.
     3 | D        | Found a shadowy altar of Dithmenos.
     4 | D        | Found Toogol's Identification Station.
     4 | D        | Found a radiant altar of Vehumet.
     4 | D        | Found a blossoming altar of Fedhas.
     4 | D        | Found Vugeshocsa's Bee Food.
     5 | D        | Found Eschorgh's Advanced Armour.
     5 | D        | Found Yhanayve's Jewellery.
     5 | D        | Round 1.
     8 | D        | Noticed a necrophage
    10 | D        | Became a worshipper of Pakellas the Inventive
    14 | D        | Killed a necrophage
    14 | D        | Reached skill level 5 in Dodging
    14 | D        | Reached skill level 7 in Stealth
    14 | D        | Reached skill level 5 in Evocations
    14 | D        | Reached XP level 2. HP: 18/18 MP: 3/5
    14 | D        | Reached XP level 3. HP: 23/23 MP: 3/6
    14 | D        | Reached XP level 4. HP: 28/28 MP: 3/7
    27 | D        | Bought a fine ivory ring for 45 gold pieces
    27 | D        | Bought a flickering pewter ring for 45 gold pieces
    27 | D        | Bought a glittering tin ring for 45 gold pieces
    27 | D        | Bought a bound amber ring for 45 gold pieces
    27 | D        | Identified the ring of Spite {rF++ EV+2 Int-2 Dex+4 SInv} (You bought it in a shop in the Dungeon)
    28 | D        | Identified the ring "Wocuag" {rCorr Int+7} (You bought it in a shop in the Dungeon)
    29 | D        | Identified the ring of Eternal Harmony {rF+ Int+6 Slay+3} (You bought it in a shop in the Dungeon)
    30 | D        | Identified the ring "Heargheo" {*Drain rPois rN+ MR+ Dex+2} (You bought it in a shop in the Dungeon)
    35 | D        | Found a viscous altar of Jiyva.
    39 | D        | Found an opulent altar of Gozag.
    40 | D        | Found a stormy altar of Qazlal.
    41 | D        | Found a shimmering altar of Xom.
    41 | D        | Found Facuif's Magic Scroll Shop.
    41 | D        | Found Jeuja's Staff Store.
    42 | D        | Found Dedani's Magic Scroll Shop.
    42 | D        | Found Avoafa's Must-Have Magic.
    60 | D        | Found a bloodstained altar of Trog.
    61 | D        | Found a basalt altar of Yredelemnul.
    62 | D        | Found a glowing golden altar of the Shining One.
    62 | D        | Found Loam's Distillery.
    63 | D        | Found Pyasy's Distillery.
    63 | D        | Found Neoseosm's Bottled Wisdom.
    64 | D        | Found a sacrificial altar of Ru.
    64 | D        | Found a burning altar of Makhleb.
    64 | D        | Found a snail-covered altar of Cheibriados.
    64 | D        | Found Ujum's Do-It-Yourself Clinic.
    81 | D        | Found an ancient bone altar of Kikubaaqudgha.
    82 | D        | Found a deep blue altar of Sif Muna.
    83 | D        | Found Ydait's Weapon Rack.
    84 | D        | Found Lyacyin's Basic Armour.
    84 | D        | Found Zuirphem's Miscellaneous Merchandise.
    85 | D        | Found Bigiyx's Premium Goods.
   111 | D        | Reached * piety under Pakellas
   111 | D        | Reached skill level 8 in Stealth
   111 | D        | Reached XP level 5. HP: 21/33 MP: 4/9
   113 | D        | Noticed a phantom
   121 | D        | Killed a phantom
   121 | D        | Reached skill level 10 in Stealth
   126 | D        | Arena points: 12 (+12) [x2]
   126 | D        | Reached XP level 6. HP: 25/38 MP: 6/11
   197 | D        | Round 2.
   215 | D        | Reached ** piety under Pakellas
   215 | D        | Received a gift from Pakellas
   232 | D        | Reached skill level 11 in Stealth
   290 | D        | Reached *** piety under Pakellas
   290 | D        | Reached skill level 1 in Spellcasting
   307 | D        | Arena points: 54 (+42) [x3]
   345 | D        | Round 3.
   363 | D        | Noticed a six-headed hydra
   364 | D        | Reached **** piety under Pakellas
   364 | D        | Received a gift from Pakellas
   366 | D        | Killed a six-headed hydra
   366 | D        | Reached skill level 10 in Dodging
   366 | D        | Reached skill level 12 in Stealth
   366 | D        | Reached skill level 10 in Evocations
   366 | D        | Reached XP level 7. HP: 19/49 MP: 4/14
   366 | D        | Reached XP level 8. HP: 20/54 MP: 4/15
   374 | D        | Bought a pitted silver ring for 45 gold pieces
   374 | D        | Bought a smoking bone ring for 45 gold pieces
   374 | D        | Identified the ring "Kahaof" {-Tele rN+ MP+9 Int+9 Dex+4} (You bought it in a shop in the Dungeon)
   375 | D        | Identified the ring "Yhuol" {rF+ Str+3} (You bought it in a shop in the Dungeon)
   382 | D        | Noticed a yak
   394 | D        | Killed a yak
   394 | D        | Reached skill level 5 in Fighting
   402 | D        | Reached ***** piety under Pakellas
   402 | D        | Arena points: 138 (+84) [x4]
   414 | D        | Bought a faintly glowing iron ring for 45 gold pieces
   414 | D        | Bought a vibrating jade ring for 45 gold pieces
   414 | D        | Identified the ring of Ucogh {rPois Str+3 Dex+4} (You bought it in a shop in the Dungeon)
   415 | D        | Identified the ring of Igenenlynt {*Corrode rPois MP+9 Str+4 Slay+5} (You bought it in a shop in the Dungeon)
   454 | D        | Round 4.
   479 | D        | Noticed a deep elf mage
   484 | D        | Noticed a red devil
   485 | D        | Noticed a deep elf mage
   486 | D        | Killed a deep elf mage
   486 | D        | Reached skill level 13 in Stealth
   486 | D        | Reached skill level 5 in Spellcasting
   486 | D        | Reached XP level 9. HP: 44/62 MP: 7/17
   492 | D        | Killed a deep elf mage
   566 | D        | Noticed a deep elf mage
   567 | D        | Noticed a deep elf mage
   572 | D        | Killed a deep elf mage
   578 | D        | Noticed a deep elf mage
   581 | D        | Noticed a deep elf mage
   589 | D        | Killed a deep elf mage
   589 | D        | Reached skill level 14 in Stealth
   595 | D        | Killed a deep elf mage
   595 | D        | Reached XP level 10. HP: 32/71 MP: 14/19
   595 | D        | Killed a deep elf mage
   595 | D        | Reached ****** piety under Pakellas
   595 | D        | Arena points: 278 (+140) [x5]
   616 | D        | Bought a scorched bronze ring for 45 gold pieces
   616 | D        | Bought an ancient jade amulet for 45 gold pieces
   616 | D        | Identified the amulet of Mitoxuwi {Inacc rPois MP+9} (You bought it in a shop in the Dungeon)
   619 | D        | Bought a fine copper amulet for 45 gold pieces
   619 | D        | Identified the amulet "Jivuxeh" {*Corrode +Rage MR- Int+8} (You bought it in a shop in the Dungeon)
   620 | D        | Identified the ring "Zypsowk" {+Fly Int+2 Slay+2} (You bought it in a shop in the Dungeon)
   621 | D        | Bought a translucent turquoise ring for 45 gold pieces
   621 | D        | Bought a pitted pewter amulet for 45 gold pieces
   622 | D        | Identified the ring of Gisaehoa {rN+ Dex+2 Stlth+} (You bought it in a shop in the Dungeon)
   631 | D        | Identified the amulet of the Priest {Inacc Stlth+} (You bought it in a shop in the Dungeon)
   643 | D        | Round 5.
   654 | D        | Noticed the 27-headed Lernaean hydra
   659 | D        | Identified a +5 rod of shadows (12/12) (Pakellas gifted it to you in the Dungeon)
   660 | D        | HP: 2/71 [the 27-headed Lernaean hydra (4)]
   660 | D        | Mangled by the 27-headed Lernaean hydra

Vault maps used:
D:        arena_sprint

Action                   |  1- 3 |  4- 6 |  7- 9 | 10-12 || total
-------------------------+-------+-------+-------+-------++-------
Melee: Short sword       |     1 |    31 |    19 |       ||    51
Invok: Device Surge      |       |     1 |       |     4 ||     5
       Quick Charge      |       |     1 |       |       ||     1
Evoke: Wand              |     2 |    20 |    10 |     4 ||    36
       Rod               |       |       |       |     1 ||     1
 Stab: Distracted        |       |     1 |       |       ||     1
